 Dungeon Sprint DCSS version 0.20.1-1-g8b1a95d (webtiles) character file.

246 KingStallion the Fighter (level 6, -1/45 HPs)
             Began as a Gargoyle Berserker on Nov 7, 2017.
             Was a Follower of Trog.
             Killed by nerve-wracking pain
             ... invoked by a shadow imp
             ... summoned by a neqoxec
              (6 damage)
             ... in the Dungeon (Sprint II: "The Violet Keep of Menkaure").
             The game lasted 00:00:32 (35 turns).

KingStallion the Fighter (Gargoyle Berserker)         Turns: 35, Time: 00:00:33

Health: -1/45      AC:  5    Str: 23      XL:     6   Next: 11%
Magic:  5/5        EV: 12    Int:  0 (7)  God:    Trog [*.....]
Gold:   0          SH:  0    Dex:  7      Spells: 5/5 levels left

rFire    . . .     SeeInvis .   a - +0 mace
rCold    . . .     Gourm    .   (no shield)
rNeg     + . .     Faith    .   b - +0 animal skin
rPois    ∞         Spirit   .   (no helmet)
rElec    +         Reflect  .   (no cloak)
rCorr    .         Harm     .   (no gloves)
MR       .....     NoTele   +   (no boots)
Stlth    +.........             (no amulet)
Regen    0.2/turn               (no ring)
MPRegen  0.1/turn               (no ring)

@: berserk cooldown, slowed, lost intelligence, very slow
A: clumsy 1, deformed body, low mp 1, negative energy resistance 1, electricity
resistance, unbreathing, petrification resistance, rot immunity, subdued magic
1, MP-powered wands, AC +4
a: Berserk, Burn Spellbooks, Renounce Religion


You were in the Dungeon.
You worshipped Trog.
Trog was aware of your devotion.
You were not hungry.

You visited 1 branch

Inventory:

Hand Weapons
 a - a +0 mace (weapon)
Armour
 b - a +0 animal skin (worn)
Scrolls
 i - a scroll of blinking
Potions
 d - a potion of curing
 e - a potion of heal wounds
 f - a potion of haste
 g - 2 potions of magic
 h - a potion of berserk rage
Comestibles
 c - a bread ration


   Skills:
 + Level 8.9 Fighting
 + Level 8.4 Maces & Flails
 + Level 4.7 Armour
 + Level 3.5 Dodging


You had 5 spell levels left.
You didn't know any spells.

Dungeon Overview and Level Annotations

Branches:
Dungeon (1/1)

Altars:


Innate Abilities, Weirdness & Mutations

You are resistant to torment.
Your stone body is resilient. (AC +4)
You are immune to poison.
You resist negative energy. (rN+)
You are resistant to electric shocks. (rElec)
You can survive without breathing.
You are immune to petrification.
You are immune to rotting.
You are clumsy. (Dex -2)
Armour fits poorly on your strangely shaped body.
Your magical capacity is low. (-10% MP)
Your spells are a little easier to cast, but a little less powerful.
You expend magic power (3 MP) to strengthen your wands.


Message History

* * * LOW HITPOINT WARNING * * *
You hit the neqoxec but do no damage.
The neqoxec is almost dead.
The iron imp disappears in a puff of smoke!
The neqoxec gestures. x2
You closely miss the neqoxec.
The neqoxec is almost dead.
The white imp disappears in a puff of smoke!
The iron imp disappears in a puff of smoke!
The neqoxec barely misses you.
The shadow imp hits you but does no damage.
The crimson imp blinks!
The neqoxec gestures at you.
Strange energies course through your body.
You feel clumsy.
You closely miss the neqoxec.
The neqoxec is almost dead.
The shadow imp gestures at you. Pain shoots through your body!
You die... ## ### 5##.§ 535

#3#
##@##
+.5.+
##.##
#+#


You could see 2 neqoxecs, a crimson imp, a white imp, a shadow imp and an
ufetubus.

Vanquished Creatures
  2 neqoxecs (D)
2 creatures vanquished.

Notes
Turn   | Place    | Note
-------+----------+-------------------------------------------
     0 | D        | KingStallion the Gargoyle Berserker began the quest for the Orb.
     0 | D        | Reached XP level 1. HP: 14/14 MP: 1/1
     1 | D        | Noticed a neqoxec
     1 | D        | Noticed a neqoxec
     1 | D        | Noticed a neqoxec
     1 | D        | Noticed a neqoxec
     2 | D        | Noticed a quasit
     2 | D        | Noticed an iron imp
     6 | D        | Gained mutation: Armour fits poorly on your strangely shaped body. [a neqoxec]
     8 | D        | Noticed an iron imp
    12 | D        | Killed a neqoxec
    12 | D        | Reached XP level 2. HP: 24/24 MP: 2/2
    12 | D        | Reached XP level 3. HP: 28/28 MP: 3/3
    12 | D        | Reached XP level 4. HP: 34/34 MP: 4/4
    12 | D        | Reached XP level 5. HP: 38/38 MP: 5/5
    14 | D        | Killed a neqoxec
    14 | D        | Reached XP level 6. HP: 45/45 MP: 6/6
    25 | D        | Gained mutation: You expend magic power (3 MP) to strengthen your wands. [a neqoxec]
    28 | D        | Gained mutation: Your magical capacity is low. (-10% MP) [a neqoxec]
    29 | D        | Lost intelligence.
    30 | D        | Gained mutation: Your spells are a little easier to cast, but a little less powerful. [a neqoxec]
    34 | D        | Gained mutation: You are clumsy. (Dex -2) [a neqoxec]
    35 | D        | Killed from afar by a shadow imp

Skill      XL: |  1  2  3  4  5 |
---------------+----------------+-----
Fighting       | 7 8 |  8.9
Maces & Flails | 6 8 |  8.4
Armour         | 3 4 |  4.7
Dodging        | 2 3 |  3.5

Action                   |  1- 3 |  4- 6 || total
-------------------------+-------+-------++-------
Melee: Mace              |    10 |    21 ||    31
Invok: Berserk           |     1 |       ||     1
Armor: Animal skin       |     1 |     3 ||     4
Dodge: Dodged            |     4 |    11 ||    15
